 Dungeon Crawl Stone Soup version 0.26.1-11-gd32895ea62 (webtiles) character file.

Game seed: 4847262012453386430

1248 Arcadio the Covert (level 8, -3/50 HPs)
             Began as an Octopode Brigand on May 22, 2021.
             Was an Initiate of Fedhas.
             Slain by a sky beast (5 damage)
             ... on level 6 of the Dungeon.
             The game lasted 00:08:34 (7888 turns).

Arcadio the Covert (Octopode Brigand)               Turns: 7888, Time: 00:08:35

Health: -3/50      AC:  1    Str: 10    XL:     8   Next: 50%
Magic:  8/8        EV: 13    Int: 14    God:    Fedhas [......]
Gold:   270        SH:  0    Dex: 15    Spells: 7/7 levels left

rFire    . . .     SeeInvis .   H - +2 dagger (holy)
rCold    . . .     Faith    .   (no shield)
rNeg     . . .     Spirit   .   (helmet restricted)
rPois    .         Reflect  .   n - amulet of regeneration
rElec    .         Harm     .   (no ring)
rCorr    .         Rampage  .   (no ring)
Will     .....                  (no ring)
Stlth    ++++++....             (no ring)
HPRegen  0.56/turn              (no ring)
MPRegen  0.11/turn              (no ring)
                                (no ring)
                                (no ring)

@: no status effects
A: almost no armour, stealthy swim, amphibious, 8 rings, constrict 8, camouflage
1, gelatinous body 1
a: Renounce Religion


You were on level 6 of the Dungeon.
You worshipped Fedhas.
Fedhas was noncommittal.
You visited 2 branches of the dungeon, and saw 7 of its levels.
You also visited: Ossuary.

You collected 270 gold pieces.

Inventory:

Hand Weapons
 a - a +2 dagger
 k - a +0 dagger of speed
 H - a +2 dagger of holy wrath (weapon)
Missiles
 b - 43 poisoned darts (quivered)
 c - 2 curare-tipped darts
 m - 7 atropa-tipped darts
Jewellery
 n - an amulet of regeneration (around mantle)
 y - an uncursed amulet of magic regeneration
Wands
 u - a wand of acid (5)
 w - a wand of iceblast (15)
Scrolls
 d - a scroll of vulnerability {unknown}
 e - a scroll of enchant armour {unknown}
 j - 3 scrolls of amnesia
 l - 2 scrolls of noise
 o - 4 scrolls of fog
 p - a scroll of fear {unknown}
 q - a scroll of random uselessness {unknown}
 r - 2 scrolls of teleportation
 v - a scroll of remove curse
 D - 2 scrolls of magic mapping
 I - a scroll of acquirement {unknown}
Potions
 f - 3 potions of curing
 g - 2 potions of lignification
 h - a potion of magic
 s - a potion of resistance
 t - 3 potions of attraction {unknown}
 x - a potion of degeneration {unknown}
 z - a potion of might {unknown}
 A - 3 potions of mutation
 C - a potion of brilliance {unknown}
 E - a potion of berserk rage {unknown}
 F - a potion of haste {unknown}
 G - a potion of ambrosia {unknown}


   Skills:
 - Level 2.0 Fighting
 + Level 7.3 Short Blades
 - Level 2.0 Throwing
 - Level 1.0 Dodging
 + Level 11.2 Stealth


You had 7 spell levels left.
You didn't know any spells.
Your spell library contained the following spells:

 Spells                   Type           Power        Failure   Level
 Confusing Touch          Hex            0%           65%         3
 Gell's Gravitas          Tloc           0%           65%         3
 Petrify                  Tmut/Erth      0%           96%         4
 Metabolic Englaciation   Hex/Ice        0%           100%        5
 Yara's Violent Unravell  Hex/Tmut       0%           100%        5


Dungeon Overview and Level Annotations

Branches:
Dungeon (6/15)             Temple (1/1) D:6         Ossuary (visited)

Altars:
Ashenzari
Cheibriados
Dithmenos
Elyvilon
Fedhas
Gozag
Hepliaklqana
Kikubaaqudgha
Makhleb
Nemelex Xobeh
Okawaru
Qazlal
Ru
Sif Muna
Trog
Uskayaw
Vehumet
Wu Jian
Xom
Yredelemnul
Zin
The Shining One

Annotations:
D:3 Sigmund


Innate Abilities, Weirdness & Mutations

You cannot wear most types of armour.
You are very stealthy in the water. (Stealth+)
You are amphibious.
You can wear up to eight rings at the same time.
You can use your tentacles to constrict eight enemies at once.
Your skin changes colour to match your surroundings (Stealth+).
Your rubbery body absorbs attacks. (AC +1, EV +1)


Message History

Done waiting.
You can't go down here!
You climb upwards.
Welcome back to the Dungeon!
The centaur shoots an arrow.
The arrow hits you. The worker ant bites you!
The centaur shoots an arrow.
The arrow hits you. The sky beast hits you. The sky beast shocks you.
The worker ant misses you.
There is a staircase to the Ecumenical Temple, spattered with blood here.
You can't go up here!
You hit the sky beast. Your squeeze misses the sky beast.
The sky beast is lightly wounded.
The centaur shoots an arrow.
The arrow hits you! The worker ant misses you. The sky beast hits you.
The sky beast shocks you.
* * * LOW HITPOINT WARNING * * *
The worker ant bites you!
* * * LOW HITPOINT WARNING * * *
The sky beast hits you.
* * * LOW HITPOINT WARNING * * *
The sky beast shocks you.
You die...
Fedhas appreciates your contribution to the ecosystem.

.....# #.. .>.# .....#
#.###...# .....#
#.##..#.##
.....######(##.....#
...............#.#.## .
..................(.##..
..###.........#.⌠.#.....
..####......#..B....#...
....#.....#...⌠Y@.⌠...#
.#....###...#.......#...
...#.####.....#.⌠.#...?.
.###..........(.....##.#
.# ##........#.#..# # .#
.....#..c......# ..
....##.....#.#.# ... #.#
#...#.....# .... .
(..........


You could see a sky beast, a centaur and a worker ant.

Vanquished Creatures
  2 wraiths (Ossuary)
  An orc warrior (D:6)
  A bullfrog (D:6)
  7 wights
  2 bullfrog zombies
  2 hounds
  An iguana (D:4)
  Ijyb (D:5)
  5 orc wizards
  A worker ant (D:4)
  5 adders
  3 ufetubi (D:5)
  An ooze (D:6)
  An adder zombie (Ossuary)
  2 worms (D:2)
  2 dart slugs (D:1)
  3 leopard geckos
  5 orcs
  2 ball pythons
  2 giant cockroaches
  8 goblins
  3 hobgoblins
  13 jackals
  2 quokkas
  2 ball python skeletons (Ossuary)
  4 bats
  4 frilled lizards
  A goblin zombie (D:4)
  A hobgoblin skeleton (Ossuary)
  7 kobolds
  A kobold zombie (Ossuary)
  A leopard gecko skeleton (D:6)
  2 orc zombies (Ossuary)
  7 rats
  A rat zombie (D:4)
106 creatures vanquished.

Notes
Turn   | Place    | Note
-------+----------+-------------------------------------------
     0 | D:1      | Arcadio the Octopode Brigand began the quest for the Orb.
     0 | D:1      | Reached XP level 1. HP: 14/14 MP: 1/1
   246 | D:1      | Reached XP level 2. HP: 19/19 MP: 2/2
   732 | D:1      | Reached skill level 6 in Stealth
   740 | D:1      | Reached XP level 3. HP: 20/24 MP: 3/3
  1334 | D:2      | Reached XP level 4. HP: 29/29 MP: 4/4
  1434 | D:2      | Found a burning altar of Makhleb.
  2396 | D:3      | Noticed Sigmund
  2410 | D:3      | Reached skill level 7 in Stealth
  2927 | D:4      | Found a sand-covered staircase.
  2949 | Ossuary  | Entered an ossuary
  2987 | Ossuary  | Reached XP level 5. HP: 34/34 MP: 5/5
  3061 | Ossuary  | Noticed a flying skull
  3061 | Ossuary  | Noticed a wraith
  3078 | Ossuary  | Reached skill level 8 in Stealth
  3078 | Ossuary  | Reached XP level 6. HP: 39/39 MP: 6/6
  3084 | Ossuary  | Noticed a flying skull
  3399 | Ossuary  | Noticed a flying skull
  3424 | Ossuary  | Noticed a flying skull
  3432 | Ossuary  | Noticed a wraith
  3434 | Ossuary  | Killed a wraith
  3435 | Ossuary  | Reached skill level 5 in Short Blades
  3448 | Ossuary  | Noticed a wraith
  3450 | Ossuary  | Killed a wraith
  3451 | Ossuary  | Reached skill level 9 in Stealth
  3451 | Ossuary  | Reached XP level 7. HP: 45/45 MP: 7/7
  4267 | D:5      | Entered Level 5 of the Dungeon
  4267 | D:5      | Noticed Ijyb
  4270 | D:5      | Killed Ijyb
  4708 | D:5      | Reached skill level 10 in Stealth
  5172 | D:5      | Reached XP level 8. HP: 50/50 MP: 8/8
  6806 | D:6      | Reached skill level 11 in Stealth
  6902 | D:6      | Found a staircase to the Ecumenical Temple.
  6913 | Temple   | Entered the Ecumenical Temple
  7587 | Temple   | Became a worshipper of Fedhas Madash
  7618 | D:6      | HP: 2/50 [worker ant (6)]
  7888 | D:6      | HP: 2/50 [sky beast (4)]
  7888 | D:6      | Slain by a sky beast

Illustrated notes

Levels and vault maps discovered:
D:1:      dpeg_arrival_more_subterranean_lakeside_camping, layout_basic,
          chequers_serial_rivers_micro_a
D:2:      layout_loops_cross, bloody_makhleb, fountainhead
D:3:      layout_rooms, minmay_misc_feat_diagonals, uniq_sigmund,
          uniq_crazy_yiuf_cottage, uniq_robin
D:4:      layout_basic, enter_ossuary_4
D:5:      layout_basic, uniq_ijyb
D:6:      layout_rooms, minmay_temple_entry_sparse_star, minmay_diced_spiral
Temple:   nicolae_temple_the_god_donut

Skill      XL: |  1  2  3  4  5  6  7  8 |
---------------+-------------------------+-----
Stealth        | 6 7 8 9 10 11 | 11.2
Short Blades   | 3 4 5 6 7 |  7.3
Fighting       | |  2.0
Throwing       | |  2.0
Dodging        | |  1.0

Action                   |  1- 3 |  4- 6 |  7- 9 || total
-------------------------+-------+-------+-------++-------
Melee: Dagger            |    52 |    59 |   112 ||   223
       Constrict         |    12 |    13 |    19 ||    44
       Tentacles         |    11 |    13 |    19 ||    43
  Use: Scroll            |       |    12 |     3 ||    15
       Potion            |       |     1 |     2 ||     3
 Stab: Sleeping          |    14 |    16 |    22 ||    52
Armor: Skin              |     3 |     2 |     3 ||     8
Dodge: Dodged            |    20 |    21 |    63 ||   104
